General information
- name: BNet
- type: Ladder team game (AT/RT)
- host: Battle.net
- saver: SlowButSteady
map: Northshire_LV
- players: 8
- length: 23:13
- speed: Fast
- version: 1.29 W3XP
- replay type: Public
» download(282 KB)
Players
team 1 (winner)
lordfire99 (
green | 106 APM | 2456 actions | 23:12)
7 Beastmaster
3 Summon Quilbeast
3 Summon Hawk
1 Stampede
» actions
| Assign group hotkey | 57 | |
| Basic commands | 117 | |
| Build / train | 127 | |
| ESC pressed | 3 | |
| Enter build submenu | 32 | |
| Enter hero's abilities submenu | 7 | |
| Give item / drop item | 5 | |
| Right click | 593 | |
| Select / deselect | 443 | |
| Select group hotkey | 859 | |
| Use ability | 212 | |
2456 total
» units
| Peasant | 12 | |
| Footman | 8 | |
| Goblin Shredder | 2 | |
| Forest Troll High Priest | 5 | |
| Assassin | 4 | |
| Flying Machine | 11 | |
| Kobold Geomancer | 2 | |
| Mortar Team | 3 | |
47 total
» upgrades
| Defend | 1 | |
| Masonry | 3 | |
| Gunpowder | 3 | |
| Plating | 3 | |
| Flak Cannons | 1 | |
| Fragmentation Shards | 1 | |
| Flare | 1 | |
| Armor | 1 | |
14 total
» buildings
| Barracks | 1 | |
| Farm | 16 | |
| Altar of Kings | 1 | |
| Scout Tower | 7 | |
| Arcane Tower | 2 | |
| Town Hall | 3 | |
| Arcane Vault | 2 | |
| Lumber Mill | 1 | |
| Guard Tower | 3 | |
| Keep | 2 | |
| Blacksmith | 2 | |
| Castle | 1 | |
| Workshop | 3 | |
44 total
» build order
00:35 Barracks
00:54 Farm
01:08 Altar of Kings
01:40 Farm
02:22 Farm
03:08 Farm
03:23 Farm
03:26 Scout Tower
03:51 Arcane Tower
04:32 Farm
05:11 Town Hall
05:14 Arcane Vault
05:18 Scout Tower
05:18 Scout Tower
05:18 Scout Tower
05:19 Scout Tower
05:19 Scout Tower
05:20 Scout Tower
05:28 Lumber Mill
06:05 Guard Tower
06:07 Guard Tower
07:00 Keep
07:00 Keep
07:28 Blacksmith
07:29 Blacksmith
08:10 Arcane Tower
08:11 Guard Tower
08:59 Farm
08:59 Farm
09:00 Farm
09:00 Farm
09:04 Arcane Vault
10:00 Castle
10:03 Workshop
10:04 Workshop
10:05 Workshop
11:55 Farm
18:32 Farm
20:05 Farm
20:08 Farm
20:09 Farm
20:09 Farm
21:41 Town Hall
22:51 Town Hall
» items
| Scroll of Regeneration | 6 | |
| Lesser Clarity Potion | 12 | |
| Boots of Speed | 4 | |
| Dust of Appearance | 1 | |
| Scroll of Town Portal | 8 | |
| Potion of Healing | 5 | |
| Mechanical Critter | 1 | |
| Potion of Lesser Invulnerability | 2 | |
| Potion of Mana | 2 | |
| Potion of Invisibility | 1 | |
| Staff of Teleportation | 3 | |
45 total
sonegeest (
yellow | 206 APM | 4788 actions | 23:12)
6 Dark Ranger
2 Black Arrow
3 Silence
1 Charm
5 Naga Sea Witch
2 Frost Arrows
3 Forked Lightning
4 Priestess of the Moon
2 Trueshot Aura
2 Scout
» actions
| Assign group hotkey | 514 | |
| Basic commands | 13 | |
| Build / train | 95 | |
| Enter build submenu | 18 | |
| Enter hero's abilities submenu | 16 | |
| Give item / drop item | 3 | |
| Right click | 2050 | |
| Select / deselect | 491 | |
| Select group hotkey | 1528 | |
| Use ability | 60 | |
4788 total
» units
| Wisp | 23 | |
| Archer | 12 | |
| Assassin | 1 | |
| Druid of the Talon | 2 | |
| Hippogryph | 4 | |
| Dryad | 5 | |
47 total
» upgrades
| Improved Bows | 1 | |
| Druid of the Talon Training | 1 | |
| Strength of the Wild | 3 | |
| Reinforced Hides | 3 | |
| Well Spring | 1 | |
| Ultravision | 1 | |
10 total
» buildings
| Moon Well | 7 | |
| Altar of Elders | 1 | |
| Ancient of War | 1 | |
| Ancient of Wonders | 1 | |
| Tree of Ages | 1 | |
| Tree of Life | 1 | |
| Ancient of Wind | 3 | |
| Tree of Eternity | 1 | |
| Hunter's Hall | 1 | |
| Ancient of Lore | 2 | |
19 total
» build order
00:07 Moon Well
00:18 Altar of Elders
00:32 Ancient of War
01:28 Moon Well
02:00 Moon Well
03:01 Ancient of Wonders
03:36 Tree of Ages
04:02 Moon Well
05:00 Tree of Life
06:49 Ancient of Wind
08:44 Tree of Eternity
09:10 Moon Well
09:57 Ancient of Wind
10:01 Ancient of Wind
11:16 Moon Well
12:07 Hunter's Hall
15:50 Ancient of Lore
15:52 Ancient of Lore
17:30 Moon Well
» items
| Lesser Clarity Potion | 3 | |
| Scroll of Town Portal | 4 | |
| Potion of Lesser Invulnerability | 2 | |
| Circlet of Nobility | 2 | |
| Orb of Venom | 1 | |
| Potion of Mana | 1 | |
| Scroll of Healing | 2 | |
15 total
SlowButSteady (
red | 27 APM | 630 actions | 23:13)
» actions
| Basic commands | 4 | |
| Build / train | 67 | |
| Enter build submenu | 36 | |
| Remove unit from queue | 4 | |
| Right click | 286 | |
| Select / deselect | 185 | |
| Use ability | 48 | |
630 total
» units
| Peasant | 29 | |
| Goblin Zeppelin | 3 | |
| Goblin Sapper | 11 | |
| Goblin Shredder | 2 | |
45 total
» upgrades
| Masonry | 2 | |
| Lumber Harvesting | 1 | |
3 total
» buildings
| Scout Tower | 28 | |
| Lumber Mill | 1 | |
| Farm | 4 | |
| Arcane Tower | 3 | |
| Guard Tower | 10 | |
| Keep | 1 | |
| Altar of Kings | 1 | |
| Castle | 1 | |
49 total
» build order
07:06 Scout Tower
07:11 Lumber Mill
07:16 Farm
07:18 Farm
07:18 Farm
07:20 Scout Tower
07:23 Scout Tower
07:23 Scout Tower
07:36 Arcane Tower
08:24 Guard Tower
08:25 Guard Tower
08:40 Guard Tower
08:57 Scout Tower
08:58 Scout Tower
09:01 Scout Tower
09:58 Guard Tower
10:22 Keep
11:30 Scout Tower
11:31 Scout Tower
11:33 Scout Tower
11:33 Scout Tower
11:35 Scout Tower
11:36 Scout Tower
12:02 Guard Tower
12:04 Guard Tower
12:59 Scout Tower
13:05 Scout Tower
13:11 Arcane Tower
13:17 Arcane Tower
14:13 Altar of Kings
15:08 Scout Tower
15:09 Scout Tower
15:09 Scout Tower
15:09 Scout Tower
15:10 Scout Tower
15:10 Scout Tower
15:15 Scout Tower
15:16 Scout Tower
15:16 Scout Tower
15:16 Scout Tower
15:19 Scout Tower
15:20 Scout Tower
15:20 Scout Tower
15:37 Farm
15:41 Guard Tower
15:45 Guard Tower
15:49 Guard Tower
16:40 Guard Tower
18:22 Castle
iC.CloWNs (
teal | 110 APM | 2557 actions | 23:12)
4 Far Seer
2 Feral Spirit
2 Chain Lighting
4 Tauren Chieftain
2 War Stomp
2 Endurance Aura
» actions
| Assign group hotkey | 35 | |
| Basic commands | 365 | |
| Build / train | 86 | |
| ESC pressed | 10 | |
| Enter build submenu | 25 | |
| Enter hero's abilities submenu | 8 | |
| Right click | 1196 | |
| Select / deselect | 440 | |
| Select group hotkey | 234 | |
| Use ability | 158 | |
2557 total
» units
| Peon | 15 | |
| Grunt | 4 | |
| Troll Witch Doctor | 11 | |
| Troll Headhunter/Berserker | 3 | |
| Tauren | 7 | |
| Spirit Walker | 1 | |
| Shaman | 3 | |
44 total
» upgrades
| Berserker Strength | 1 | |
| Witch Doctor Training | 2 | |
| Pulverize | 1 | |
| Armor | 2 | |
| Melee Weapons | 1 | |
| Reinforced Defenses | 1 | |
| Shaman Training | 1 | |
9 total
» buildings
| Altar of Storms | 1 | |
| Orc Burrow | 8 | |
| Barracks | 1 | |
| Voodoo Lounge | 1 | |
| Stronghold | 2 | |
| War Mill | 1 | |
| Fortress | 1 | |
| Spirit Lodge | 2 | |
| Watch Tower | 4 | |
| Tauren Totem | 2 | |
| Great Hall | 1 | |
24 total
» build order
00:07 Altar of Storms
00:17 Orc Burrow
00:50 Barracks
01:26 Orc Burrow
02:16 Voodoo Lounge
02:39 Stronghold
02:39 Stronghold
03:15 Orc Burrow
04:33 War Mill
05:24 Fortress
05:44 Spirit Lodge
07:09 Watch Tower
08:10 Tauren Totem
08:18 Watch Tower
08:34 Orc Burrow
10:43 Orc Burrow
17:54 Tauren Totem
17:56 Orc Burrow
18:32 Watch Tower
18:35 Watch Tower
21:30 Orc Burrow
21:53 Spirit Lodge
22:35 Orc Burrow
22:48 Great Hall
» items
| Healing Salve | 4 | |
| Lesser Clarity Potion | 4 | |
| Potion of Healing | 4 | |
| Scroll of Speed | 3 | |
| Scroll of Town Portal | 2 | |
| Tiny Great Hall | 1 | |
| Orb of Lightning | 1 | |
| Potion of Mana | 1 | |
20 total
team 2 (loser)

»
Silentfire14 (
pink | 45 APM | 888 actions | 19:49)
5 Priestess of the Moon
3 Trueshot Aura
2 Scout
» actions
| Assign group hotkey | 3 | |
| Basic commands | 17 | |
| Build / train | 76 | |
| Enter build submenu | 19 | |
| Enter hero's abilities submenu | 5 | |
| Give item / drop item | 1 | |
| Right click | 397 | |
| Select / deselect | 312 | |
| Select group hotkey | 14 | |
| Use ability | 44 | |
888 total
» units
| Wisp | 20 | |
| Archer | 24 | |
| Hippogryph | 9 | |
53 total
» upgrades
| Strength of the Moon | 3 | |
| Moon Armor | 3 | |
| Improved Bows | 1 | |
| Hippogryph Taming | 1 | |
| Marksmanship | 1 | |
9 total
» buildings
| Altar of Elders | 1 | |
| Moon Well | 7 | |
| Ancient of War | 3 | |
| Tree of Ages | 1 | |
| Hunter's Hall | 1 | |
| Ancient of Wonders | 1 | |
| Ancient of Wind | 2 | |
| Tree of Life | 1 | |
| Tree of Eternity | 1 | |
| Ancient Protector | 1 | |
19 total
» build order
00:19 Altar of Elders
00:21 Moon Well
00:58 Ancient of War
02:00 Moon Well
02:37 Tree of Ages
02:55 Hunter's Hall
03:36 Moon Well
04:19 Ancient of Wonders
04:25 Moon Well
05:07 Ancient of Wind
05:21 Ancient of Wind
08:25 Tree of Life
09:05 Tree of Eternity
13:04 Ancient Protector
14:07 Ancient of War
15:51 Moon Well
16:44 Moon Well
16:46 Moon Well
19:44 Ancient of War
» items
| Scroll of Town Portal | 5 | |
| Orb of Venom | 1 | |
6 total

»
Oaken (
blue | 58 APM | 1346 actions | 23:12)
6 Blood Mage
3 Flame Strike
3 Siphon Mana
» actions
| Assign group hotkey | 5 | |
| Basic commands | 98 | |
| Build / train | 91 | |
| Enter build submenu | 34 | |
| Enter hero's abilities submenu | 5 | |
| Give item / drop item | 1 | |
| Remove unit from queue | 2 | |
| Right click | 620 | |
| Select / deselect | 409 | |
| Select group hotkey | 11 | |
| Use ability | 70 | |
1346 total
» units
| Peasant | 13 | |
| Footman | 6 | |
| Goblin Shredder | 2 | |
| Rifleman | 8 | |
| Priest | 3 | |
| Sorceress | 7 | |
| Spell Breaker | 5 | |
| Knight | 3 | |
47 total
» upgrades
| Gunpowder | 3 | |
| Long Rifles | 1 | |
| Priest Training | 2 | |
| Armor | 2 | |
| Lumber Harvesting | 1 | |
| Defend | 1 | |
| Masonry | 1 | |
| Plating | 2 | |
13 total
» buildings
| Altar of Kings | 1 | |
| Farm | 16 | |
| Barracks | 1 | |
| Arcane Vault | 1 | |
| Keep | 1 | |
| Lumber Mill | 1 | |
| Blacksmith | 1 | |
| Scout Tower | 7 | |
| Town Hall | 1 | |
| Arcane Sanctum | 3 | |
| Guard Tower | 5 | |
| Castle | 1 | |
39 total
» build order
00:20 Altar of Kings
00:32 Farm
00:39 Farm
00:41 Barracks
02:05 Arcane Vault
02:09 Farm
02:52 Farm
04:15 Keep
04:58 Lumber Mill
05:15 Blacksmith
05:19 Scout Tower
05:22 Scout Tower
05:30 Town Hall
07:00 Arcane Sanctum
07:03 Arcane Sanctum
07:08 Arcane Sanctum
08:14 Guard Tower
08:24 Farm
08:25 Farm
08:29 Farm
08:34 Farm
09:17 Farm
09:21 Farm
09:49 Farm
10:03 Scout Tower
10:37 Guard Tower
10:44 Scout Tower
13:16 Castle
13:19 Farm
13:20 Farm
13:22 Farm
13:27 Scout Tower
13:28 Scout Tower
14:09 Guard Tower
14:13 Farm
14:14 Farm
14:26 Guard Tower
14:30 Scout Tower
16:34 Guard Tower
» items
| Scroll of Regeneration | 6 | |
| Scroll of Town Portal | 4 | |
| Scroll of Speed | 1 | |
| Potion of Healing | 3 | |
14 total

»
Flint[hun] (
orange | 39 APM | 906 actions | 23:00)
3 Blademaster
1 Wind Walk
1 Critical Strike
1 Mirror Image
3 Shadow Hunter
2 Healing Wave
1 Hex
1 Demon Hunter
1 Immolation
» actions
| Basic commands | 3 | |
| Build / train | 75 | |
| Enter build submenu | 24 | |
| Enter hero's abilities submenu | 7 | |
| Remove unit from queue | 1 | |
| Right click | 430 | |
| Select / deselect | 271 | |
| Use ability | 95 | |
906 total
» units
| Peon | 21 | |
| Wind Rider | 1 | |
| Raider | 2 | |
| Troll Witch Doctor | 1 | |
| Troll Batrider | 1 | |
| Shaman | 1 | |
| Hippogryph | 3 | |
| Dryad | 8 | |
| Mountain Giant | 1 | |
39 total
» upgrades
| Spiked Barricades | 2 | |
| Ranged Weapons | 1 | |
| Armor | 1 | |
| Ensnare | 1 | |
| Shaman Training | 2 | |
| Liquid Fire | 1 | |
| Reinforced Defenses | 1 | |
| Envenomed Spears | 1 | |
10 total
» buildings
| Altar of Storms | 2 | |
| Orc Burrow | 5 | |
| Voodoo Lounge | 2 | |
| War Mill | 1 | |
| Stronghold | 1 | |
| Watch Tower | 7 | |
| Beastiary | 2 | |
| Spirit Lodge | 2 | |
| Fortress | 2 | |
| Great Hall | 2 | |
| Tree of Life | 1 | |
27 total
» build order
00:21 Altar of Storms
00:31 Orc Burrow
00:40 Voodoo Lounge
01:42 War Mill
01:56 Orc Burrow
03:28 Stronghold
04:31 Watch Tower
04:39 Watch Tower
05:42 Watch Tower
06:48 Watch Tower
08:24 Altar of Storms
08:33 Voodoo Lounge
08:42 Watch Tower
09:41 Beastiary
09:45 Beastiary
09:51 Watch Tower
10:39 Spirit Lodge
10:53 Orc Burrow
11:02 Orc Burrow
11:12 Fortress
11:12 Fortress
13:03 Spirit Lodge
17:33 Great Hall
17:50 Great Hall
18:20 Watch Tower
18:40 Orc Burrow
20:42 Tree of Life
» items
| Boots of Speed | 2 | |
| Healing Salve | 2 | |
| Lesser Clarity Potion | 5 | |
| Scroll of Town Portal | 1 | |
| Orb of Lightning | 2 | |
12 total
off-bao (
purple | 37 APM | 711 actions | 19:25)
4 Demon Hunter
2 Evasion
2 Mana Burn
3 Priestess of the Moon
2 Trueshot Aura
1 Searing Arrows
» actions
| Assign group hotkey | 10 | |
| Basic commands | 1 | |
| Build / train | 65 | |
| Enter build submenu | 14 | |
| Enter hero's abilities submenu | 6 | |
| Give item / drop item | 1 | |
| Remove unit from queue | 2 | |
| Right click | 376 | |
| Select / deselect | 180 | |
| Select group hotkey | 30 | |
| Use ability | 26 | |
711 total
» units
| Wisp | 18 | |
| Archer | 7 | |
| Huntress | 4 | |
| Dryad | 19 | |
48 total
» upgrades
| Strength of the Moon | 0 | |
| Strength of the Wild | 1 | |
| Abolish Magic | 1 | |
| Reinforced Hides | 1 | |
3 total
» buildings
| Altar of Elders | 1 | |
| Moon Well | 6 | |
| Ancient of War | 1 | |
| Hunter's Hall | 1 | |
| Ancient of Wonders | 1 | |
| Tree of Ages | 1 | |
| Ancient of Lore | 2 | |
| Tree of Life | 1 | |
14 total
» build order
00:09 Altar of Elders
00:21 Moon Well
00:51 Ancient of War
01:29 Moon Well
02:24 Moon Well
03:18 Hunter's Hall
03:33 Moon Well
04:34 Ancient of Wonders
04:39 Tree of Ages
07:07 Ancient of Lore
08:44 Ancient of Lore
09:47 Moon Well
12:17 Moon Well
13:48 Tree of Life
» items
Chat log
(01:21 / Allies) iC.CloWNs: ?
(01:36 / Allies) lordfire99: mas nuits guys
(01:36 / Allies) iC.CloWNs: build
(02:34 / Allies) iC.CloWNs: wtf
(02:48 / Allies) lordfire99: red
(02:51 / Allies) SlowButSteady: mirin?
(04:12 / Allies) lordfire99: mass nuits guys
(04:15 / Allies) SlowButSteady: what's your problem?
(04:24 / Allies) sonegeest: the wuestion is, what is yours
(04:35 / Allies) SlowButSteady: what's wrong with you
(06:17 / Allies) iC.CloWNs: fucking noob
(06:21 / Allies) SlowButSteady: what's YOUR problem?
(06:25 / Allies) iC.CloWNs: BUILD FAGGOT
(06:32 / Allies) SlowButSteady: what's wrong with you?
(06:43 / Allies) SlowButSteady: what is wrong with you?
(07:54 / Allies) iC.CloWNs: b
(10:23 / Allies) iC.CloWNs: portm
(10:33 / Allies) iC.CloWNs: hit run
(10:35 / Allies) iC.CloWNs: soing
(10:36 / Allies) iC.CloWNs: come
(11:20 / Allies) iC.CloWNs: b
(11:21 / Allies) iC.CloWNs: b
(11:32 / Allies) iC.CloWNs: TP
(11:51 / All) Oaken: wtf are u doin red lmao
(14:35 / All) SlowButSteady: haxer
(14:39 / Allies) iC.CloWNs: \b
(14:39 / Allies) iC.CloWNs: b
(14:39 / Allies) iC.CloWNs: b
(14:40 / Allies) iC.CloWNs: b
(14:40 / Allies) iC.CloWNs: b
(14:40 / Allies) iC.CloWNs: b
(14:41 / Allies) iC.CloWNs: b
(14:41 / Allies) iC.CloWNs: b
(14:41 / Allies) iC.CloWNs: b
(14:44 / All) Silentfire14: you walked right to my base lol
(14:50 / All) SlowButSteady: haxer
(17:02 / All) SlowButSteady: Haxer lol
(17:06 / All) SlowButSteady: so obvious
(17:07 / All) Oaken: dude?
(17:23 / All) SlowButSteady: pink hax 100%
(19:53 / All) Oaken: this team
(19:55 / Allies) iC.CloWNs: 3v4
(19:57 / Allies) iC.CloWNs: gg
(20:03 / All) sonegeest: you ran the whole game blue
(20:06 / All) sonegeest: never took a fight
(20:07 / All) sonegeest: lmao
(20:08 / All) iC.CloWNs: we have one with no units
(20:12 / All) Oaken: lmao
(20:13 / All) iC.CloWNs: slow= noob
(20:37 / All) SlowButSteady: I did more than teal teal sux
(20:43 / All) SlowButSteady: I took out 2 expos
(20:46 / All) SlowButSteady: what you do booy?
(20:55 / All) SlowButSteady: I fed yellow and green and you but you wasted the gold
(21:41 / Allies) SlowButSteady: that expo was killed, you're welcome
(22:42 / All) iC.CloWNs: gg
(22:51 / All) Flint[hun]: why these fuckers left?